 Dungeon Crawl Stone Soup version 0.27-b1-23-g44b8eac545 (webtiles) character file.

Game seed: 4986358603121597744

1396 hawla the Covert (level 8, -4/48 HPs)
             Began as a Deep Elf Delver on July 27, 2021.
             Was a Believer of Vehumet.
             Slain by a yak (15 damage)
             ... on level 6 of the Dungeon.
             The game lasted 00:21:32 (6404 turns).

hawla the Covert (Deep Elf Delver)                  Turns: 6404, Time: 00:21:32

Health: -4/48      AC:  6    Str: 13 (15) XL:     8   Next: 41%
Magic:  15/15      EV: 13    Int: 18      God:    Vehumet [**....]
Gold:   241        SH:  3    Dex: 14 (16) Spells: 10/14 levels left

rFire    . . .     SeeInvis .   x - +2 short sword (venom)
rCold    . . .     Faith    .   e - +0 buckler
rNeg     . . .     Spirit   .   t - +0 robe
rPois    .         Reflect  .   (no helmet)
rElec    .         Harm     .   (no cloak)
rCorr    .         Rampage  .   (no gloves)
Will     .....                  (no boots)
Stlth    ++++......             w - amulet of magic regeneration
HPRegen  0.16/turn              q - +4 ring of protection
MPRegen  0.39/turn              k - +6 ring of strength

@: mighty
A: no striking features
a: Renounce Religion


You were on level 6 of the Dungeon.
You worshipped Vehumet.
Vehumet was pleased with you.
You visited 2 branches of the dungeon, and saw 7 of its levels.

You collected 258 gold pieces.
You spent 17 gold pieces at shops.

Inventory:

Hand Weapons
 x - a +2 short sword of venom (weapon)
Missiles
 i - a poisoned dart (quivered)
 s - 2 atropa-tipped darts
Armour
 e - a +0 buckler (worn)
 t - a +0 robe (worn)
Jewellery
 k - a +6 ring of strength (right hand)
 q - a +4 ring of protection (left hand)
 w - an amulet of magic regeneration (around neck)
Wands
 g - a wand of digging (2)
Scrolls
 b - a scroll of enchant armour {unknown}
 c - a scroll of fog
 d - a scroll of magic mapping
Potions
 f - 2 potions of haste
 j - a potion of might
 o - 2 potions of degeneration
 r - a potion of magic


   Skills:
 + Level 4.3 Fighting
 + Level 5.1 Short Blades
 + Level 1.3 Throwing
 + Level 4.5 Dodging
 - Level 9.0 Stealth
 + Level 0.2 Shields
 + Level 3.9 Spellcasting
 + Level 2.2 Conjurations
 + Level 2.8 Air Magic
 + Level 0.2 Evocations


You had 10 spell levels left.
You knew the following spells:

 Your Spells              Type           Power      Damage    Failure   Level
a - Shock                 Conj/Air       48%        1d6       9%          1
b - Swiftness             Air            13%        N/A       22%         3

Your spell library contained the following spells:

 Spells                   Type           Power      Damage    Failure   Level
 Searing Ray              Conj           22%        3d3       14%         2
 Airstrike                Air            6%         N/A       58%         4


Dungeon Overview and Level Annotations

Branches:
Dungeon (6/15)             Temple (1/1) D:5

Altars:
Dithmenos
Elyvilon
Fedhas
Gozag
Hepliaklqana
Kikubaaqudgha
Makhleb
Okawaru
Qazlal
Ru
Sif Muna
Trog
Vehumet
Wu Jian
Xom
Zin
The Shining One
Lugonu

Shops:
D:3 [   D:6 =

Annotations:
D:3 3 runed translucent doors, JBAR's ghost, amateur MiFi


Message History

The sky beast hits your wyvern zombie but does no damage.
You hit the yak.
The yak looks as sick as possible!
The yak is almost dead.
You kill the yak!
Vehumet accepts your kill.
Your wyvern zombie bites the sky beast!
The yak misses you.
You feel your intelligence returning.
Your Throwing skill increases to level 1!
You hit the yak but do no damage.
The yak looks as sick as possible!
The yak is severely wounded.
Your wyvern zombie bites the sky beast.
The yak closely misses you. The sky beast hits your wyvern zombie.
The sky beast shocks your wyvern zombie.
The yak closely misses you. The yak barely misses you.
Your wyvern zombie bites the sky beast.
The sky beast hits your wyvern zombie but does no damage.
The yak gores you.
* * * LOW HITPOINT WARNING * * *
Your wyvern zombie bites the sky beast.
You hit the yak.
The yak is almost dead.
You kill the yak!
Vehumet accepts your kill. The sky beast hits your wyvern zombie.
The sky beast shocks your wyvern zombie.
The yak gores you.
* * * LOW HITPOINT WARNING * * *
Your wyvern zombie bites the sky beast!
You feel your strength returning.
Your Short Blades skill increases to level 5!
It was a potion of might.
You feel very mighty all of a sudden. The sky beast hits your wyvern zombie.
The sky beast shocks your wyvern zombie.
Your wyvern zombie is destroyed!
You block the yak's attack. The yak gores you but does no damage.
Your shield prevents you from hitting the yak.
The yak is lightly wounded.
The yak gores you!
You die...

..................#
..................#
..................#
##.......(...(.)..#
#..........(.....#
##................#
###..............##
.#.....(.#.....Y##
.....#.####....Y@#
.###......#..###Y#
..........#.....Y#
###..........#####
...........#.###
....#..........###
#..##.....###Y...#
....##.#####....##
.##....#####Y#Y#####


You could see 3 yaks and a sky beast.

Vanquished Creatures
  3 yaks (D:6)
  A wyvern (D:6)
  A black bear (D:6)
  An ogre (D:5)
  A phantom (D:5)
  2 bullfrogs (D:6)
  A centaur zombie (D:4)
  2 hounds
  3 orc priests
  4 orc wizards
  A howler monkey skeleton (D:5)
  7 adders
  4 ufetubi
  An adder skeleton (D:5)
  5 worms
  2 dart slugs
  7 orcs
  6 ball pythons
  8 bats
  5 endoplasms
  10 giant cockroaches
  7 goblins
  7 hobgoblins
  6 jackals
  3 quokkas
  4 frilled lizards
  5 kobolds
  7 rats
114 creatures vanquished.

Notes
Turn   | Place    | Note
-------+----------+-------------------------------------------
     0 | D:5      | hawla the Deep Elf Delver began the quest for the Orb.
     0 | D:5      | Reached XP level 1. HP: 13/13 MP: 3/3
   111 | D:5      | Reached XP level 2. HP: 17/18 MP: 4/4
   153 | D:5      | Noticed an ogre
   159 | D:5      | Killed an ogre
   160 | D:5      | Reached skill level 7 in Stealth
   160 | D:5      | Reached XP level 3. HP: 22/22 MP: 5/5
   160 | D:5      | Reached XP level 4. HP: 27/27 MP: 6/6
   427 | D:4      | Reached skill level 8 in Stealth
   574 | D:4      | Reached XP level 5. HP: 19/32 MP: 7/7
   938 | D:4      | Found a glowing golden altar of the Shining One.
   939 | D:4      | Found a radiant altar of Vehumet.
   945 | D:4      | Became a worshipper of Vehumet
   981 | D:3      | Found a runed translucent gate.
   981 | D:3      | Found a runed translucent gate.
   981 | D:3      | Found a runed translucent gate.
  1013 | D:3      | Noticed JBAR's ghost (amateur MiFi)
  1054 | D:3      | Found Tumibee Viut's Antique Armour Shoppe.
  1072 | D:3      | Bought a robe for 17 gold pieces
  1267 | D:2      | Found a faded altar of an unknown god.
  1399 | D:1      | Reached * piety under Vehumet
  1399 | D:1      | Offered knowledge of Sandblast by Vehumet.
  2073 | D:2      | Reached XP level 6. HP: 34/37 MP: 8/8
  2082 | D:2      | Reached ** piety under Vehumet
  2085 | D:2      | Offered knowledge of Shock by Vehumet.
  2455 | D:3      | Found an ornate altar of the Wu Jian Council.
  2674 | D:3      | Found a shimmering blue altar of Sif Muna.
  2677 | D:3      | Reached skill level 9 in Stealth
  2699 | D:3      | Found a stormy altar of Qazlal.
  3264 | D:4      | Learned a level 1 spell: Shock
  3284 | D:3      | Found an iron altar of Okawaru.
  3298 | D:3      | Learned a level 3 spell: Swiftness
  4166 | D:5      | Found a shadowy altar of Dithmenos.
  4241 | D:5      | Reached skill level 1 in Spellcasting
  4592 | D:5      | Found a staircase to the Ecumenical Temple.
  4602 | D:5      | Reached skill level 1 in Air Magic
  4681 | Temple   | Entered the Ecumenical Temple
  4858 | D:6      | Reached XP level 7. HP: 25/41 MP: 11/11
  5302 | D:6      | Noticed a wyvern
  5318 | D:6      | Killed a wyvern
  5319 | D:6      | Reached skill level 1 in Conjurations
  5782 | D:6      | Noticed a yak
  5783 | D:6      | Noticed a yak
  5783 | D:6      | Noticed a yak
  5784 | D:6      | Noticed a yak
  5784 | D:6      | Noticed a yak
  5787 | D:6      | Noticed a yak
  5960 | D:6      | Found Firahudgh's Jewellery Shoppe.
  6018 | D:6      | Killed a yak
  6019 | D:6      | Reached XP level 8. HP: 27/48 MP: 13/15
  6283 | D:6      | Found a bloodstained altar of Trog.
  6371 | D:6      | Offered knowledge of Searing Ray by Vehumet.
  6400 | D:6      | Reached skill level 1 in Throwing
  6403 | D:6      | Reached skill level 5 in Short Blades
  6404 | D:6      | Slain by a yak

Illustrated notes

Levels and vault maps discovered:
D:1:      pf_arrival_petrified_forest, layout_loops_cross
D:2:      layout_rooms, hellmonk_ecumenical_altar_blasted
D:3:      layout_loops_ring, nicolae_overflow_hidden_temple,
          mainiacjoe_overflow_brackets, mainiacjoe_overflow_six_doors_small,
          kennysheep_orc_sif_temple, serial_shops, shop, gammafunk_ghost_split
D:4:      layout_gridville, chequers_temple_overflow_statue_of_worship
D:5:      layout_loops_ring, grunt_dithmenos_shadows,
          minmay_temple_entry_proselytizer, due_unseen_surprise
D:6:      layout_rooms, trog_book, jmf_multi_god_temple, serial_shops, shop
Temple:   corrupted_temple

Skill      XL: |  1  2  3  4  5  6  7  8 |
---------------+-------------------------+-----
Stealth        | 7 8 9 |  9.0
Fighting       | 3 4 |  4.3
Dodging        | 3 4 |  4.5
Short Blades   | 3 4 5 |  5.1
Spellcasting   | 1 3 |  3.9
Air Magic      | 1 2 |  2.8
Conjurations   | 2 |  2.2
Throwing       | 1 |  1.3
Shields        | |  0.2
Evocations     | |  0.2

Action                   |  1- 3 |  4- 6 |  7- 9 || total
-------------------------+-------+-------+-------++-------
Melee: Dagger            |     6 |   188 |       ||   194
       Short sword       |       |    70 |    82 ||   152
Throw: Dart              |       |     3 |    12 ||    15
 Cast: Shock             |       |    41 |     4 ||    45
       Swiftness         |       |     1 |       ||     1
Evoke: Wand              |       |     1 |       ||     1
  Use: Scroll            |       |    11 |     4 ||    15
       Potion            |       |     2 |     6 ||     8
 Stab: Distracted        |     1 |       |       ||     1
       Sleeping          |     1 |    33 |       ||    34
Armor: Leather armour    |       |    29 |       ||    29
       Robe              |       |    50 |    23 ||    73
       Skin              |       |     9 |       ||     9
Dodge: Dodged            |     3 |   150 |    66 ||   219
Block: Buckler           |       |       |     4 ||     4
